 Dungeon Crawl Stone Soup version 0.21.1-1-g345015fe64 (webtiles) character file.

8249 lycn the Cleaver (level 11, -3/99 HPs)
             Began as a Minotaur Berserker on June 18, 2018.
             Was a High Priest of Trog.
             Killed from afar by an orc sorcerer (22 damage)
             ... with a bolt of negative energy
             ... on level 1 of the Orcish Mines on June 20, 2018.
             The game lasted 00:59:09 (11931 turns).

lycn the Cleaver (Minotaur Berserker)              Turns: 11931, Time: 00:59:09

Health: -3/99      AC: 13    Str: 22    XL:     11   Next: 7%
Magic:  10/10      EV: 12    Int:  4    God:    Trog [*****.]
Gold:   475        SH:  0    Dex: 13    Spells: 10/10 levels left

rFire    + . .     SeeInvis .   V - +0 battleaxe
rCold    . . .     Gourm    .   (shield currently unavailable)
rNeg     . . .     Faith    .   Z - +0 chain mail
rPois    .         Spirit   .   (helmet restricted)
rElec    .         Reflect  .   P - +0 cloak
rCorr    .         Harm     .   S - +0 pair of gloves
MR       .....                  (no boots)
Stlth    ..........             (no amulet)
HPRegen  0.26/turn              o - ring of stealth
MPRegen  0.12/turn              x - ring of protection from fire

@: heavily drained
A: retaliatory headbutt, horns 2
a: Berserk, Trog's Hand, Brothers in Arms, Burn Spellbooks, Renounce Religion


You were on level 1 of the Orcish Mines.
You worshipped Trog.
Trog was extremely pleased with you.
You were hungry.

You visited 3 branches of the dungeon, and saw 13 of its levels.

You collected 475 gold pieces.

Inventory:

Hand Weapons
 a - a +0 broad axe
 V - a +0 battleaxe (weapon)
 Y - a +1 war axe of electrocution
Missiles
 e - 201 stones (quivered)
Armour
 P - a +0 cloak (worn)
 S - a +0 pair of gloves (worn)
 Z - a +0 chain mail (worn)
Jewellery
 g - an uncursed ring of protection from fire
 o - a ring of stealth (left hand)
 u - an uncursed ring of ice
 x - a ring of protection from fire (right hand)
 D - an uncursed amulet of guardian spirit {unknown}
 N - a +3 ring of evasion {unknown}
 T - an uncursed ring of poison resistance {unknown}
Wands
 b - a wand of random effects (45)
 y - a wand of flame (27)
 A - a wand of paralysis (5)
 G - a wand of digging (22)
 J - a wand of polymorph (12)
 L - a wand of acid (14)
 R - a wand of disintegration (17)
Scrolls
 h - a scroll of enchant armour
 i - a scroll of fear {unknown}
 j - 5 scrolls of teleportation
 m - a scroll of magic mapping
 r - a scroll of fog {unknown}
 s - a scroll of immolation {unknown}
 t - 2 scrolls of enchant weapon
 B - a scroll of vulnerability {unknown}
 E - 2 scrolls of remove curse {unknown}
 F - a scroll of random uselessness {unknown}
 M - a scroll of identify
Potions
 f - 2 potions of agility {unknown}
 l - 5 potions of curing
 n - a potion of might {unknown}
 q - 2 potions of degeneration {unknown}
 v - 2 potions of invisibility {unknown}
 w - 2 potions of haste {unknown}
 z - 2 potions of resistance
 C - a potion of berserk rage {unknown}
 H - 2 potions of heal wounds {unknown}
 I - a potion of magic {unknown}
 O - 4 potions of flight {unknown}
 U - 3 potions of lignification {unknown}
 W - a potion of brilliance {unknown}
Comestibles
 c - 16 rations
 K - 10 chunks of flesh


   Skills:
 + Level 9.9(8.5) Fighting
 * Level 13.1(11.5) Axes
 + Level 9.5(8.1) Armour
 + Level 8.7(7.4) Dodging


You had 10 spell levels left.
You didn't know any spells.

Dungeon Overview and Level Annotations

Branches:
Dungeon (11/15)            Temple (1/1) D:7             Orc (1/2) D:9
   Lair: D:8-11

Altars:
Ashenzari
Cheibriados
Dithmenos
Elyvilon
Fedhas
Gozag
Hepliaklqana
Kikubaaqudgha
Makhleb
Nemelex Xobeh
Okawaru
Qazlal
Ru
Sif Muna
Trog
Uskayaw
Vehumet
Wu Jian
Xom
Yredelemnul
Zin
The Shining One

Shops:
D:6 =   D:8 *


Innate Abilities, Weirdness & Mutations

You reflexively headbutt those who attack you in melee.
You have a pair of horns on your head.


Message History

The orc hits you but does no damage.
An orc comes into view. It is wielding a club.
You closely miss the orc warrior.
The orc warrior is lightly wounded.
The orc warrior hits you with a mace!
The orc sorcerer points at you and mumbles some strange words.
The bolt of negative energy hits you!
You feel drained.
The orc hits you from afar with a trident.
You closely miss the orc warrior.
The orc warrior is lightly wounded.
The orc warrior hits you with a mace!
The orc hits you from afar with a trident.
An orc warrior comes into view. It is wielding a battleaxe.
You are too injured to fight recklessly!
You can't go down here!
The orc warrior hits you with a mace!!
* * * LOW HITPOINT WARNING * * *
The orc sorcerer points at you and mumbles some strange words.
The bolt of negative energy hits you!
You feel drained.
You die...

.. .......##.
... ....$..#.
.#.......... .
# .......o...
..#.#.#......##
...............
.............o.
$......@.o.o...
.#...#))o.##.$o
## #......#
#...#.##
#...### .#..#
$..... ##.#...


You could see an orc sorcerer, 2 orc warriors, an orc priest (wandering) and 2
orcs.

Vanquished Creatures
  A two-headed ogre (D:8)
  Pikel (D:8)
  A troll (D:9)
  Grinder (D:6)
  A spriggan (D:7)
  4 yaks (D:9)
  The ghost of kajmaj the Digger, an amateur GrEE of Sif Muna (D:5)
  Eustachio (D:6)
  Edmund (D:5)
  7 orc warriors
  4 black bears
  2 ice beasts
  A sky beast (D:7)
  2 slaves (D:8)
  5 ogres
  A centaur (D:7)
  3 phantoms
  Blork the orc (D:5)
  8 bullfrogs
  A wyvern zombie (D:7)
  A water moccasin zombie (D:8)
  5 scorpions
  A water moccasin skeleton (D:4)
  6 killer bees (D:9)
  4 electric eels (D:9)
  A howler monkey (D:7)
  6 crimson imps
  6 orc priests
  A jelly (D:8)
  A centaur zombie (D:5)
  3 hounds
  Crazy Yiuf (D:2)
  2 bullfrog skeletons
  A centaur skeleton (D:6)
  Jessica (D:2)
  15 orc wizards
  6 worker ants
  A hound zombie (D:5)
  A howler monkey skeleton (D:7)
  11 adders
  A shadow imp (D:6)
  3 oozes
  2 adder skeletons
  2 worms (D:3)
  2 dart slugs
  6 leopard geckos
  44 orcs
  5 giant cockroaches
  6 hobgoblins
  14 jackals
  7 kobolds
  2 quokkas (D:2)
  3 ball pythons
  6 bats
  6 frilled lizards
  5 goblins
  A leopard gecko zombie (D:6)
  A quokka zombie (D:5)
  4 rats
241 creatures vanquished.

Vanquished Creatures (collateral kills)
  A two-headed ogre (D:8)
  A black bear (D:8)
2 creatures vanquished.

Vanquished Creatures (others)
  2 slaves (D:8)
  A hound (D:8)
  An orc wizard (D:8)
  An adder (D:8)
  A leopard gecko (D:8)
6 creatures vanquished.

Grand Total: 249 creatures vanquished

Notes
Turn   | Place    | Note
-------+----------+-------------------------------------------
     0 | D:1      | lycn the Minotaur Berserker began the quest for the Orb.
     0 | D:1      | Reached XP level 1. HP: 19/19 MP: 0/0
   308 | D:1      | Reached skill level 4 in Axes
   308 | D:1      | Reached XP level 2. HP: 23/27 MP: 1/1
  1235 | D:2      | Reached XP level 3. HP: 30/33 MP: 2/2
  1817 | D:3      | Reached ** piety under Trog
  2099 | D:2      | Found a burning altar of Makhleb.
  2099 | D:2      | Found a hazy altar of Hepliaklqana.
  2218 | D:2      | Found a runed door.
  2307 | D:2      | Noticed Jessica
  2327 | D:2      | Killed Jessica
  2327 | D:2      | Reached XP level 4. HP: 16/40 MP: 3/3
  2738 | D:2      | Noticed Crazy Yiuf
  3078 | D:2      | Killed Crazy Yiuf
  3241 | D:3      | Reached skill level 5 in Axes
  3377 | D:3      | Reached XP level 5. HP: 34/47 MP: 4/4
  3709 | D:3      | Found a radiant altar of Vehumet.
  3888 | D:3      | Reached *** piety under Trog
  3928 | D:3      | Found a sparkling altar of Nemelex Xobeh.
  4120 | D:5      | Entered Level 5 of the Dungeon
  4243 | D:4      | Reached skill level 6 in Axes
  4243 | D:4      | Reached XP level 6. HP: 36/55 MP: 5/5
  4425 | D:4      | Got a steaming spear
  4521 | D:5      | Reached skill level 5 in Fighting
  4819 | D:4      | Reached XP level 7. HP: 61/61 MP: 6/6
  5163 | D:4      | Reached skill level 7 in Axes
  5215 | D:4      | Found a sparkling altar of Nemelex Xobeh.
  5596 | D:5      | Reached skill level 5 in Armour
  5938 | D:5      | Noticed kajmaj's ghost (amateur GrEE)
  5951 | D:5      | Killed kajmaj's ghost
  5986 | D:5      | Noticed Edmund
  5990 | D:5      | Reached XP level 8. HP: 70/70 MP: 7/7
  5997 | D:5      | Killed Edmund
  5997 | D:5      | Reached skill level 8 in Axes
  5997 | D:5      | Reached skill level 5 in Dodging
  6470 | D:6      | Noticed Blork the orc
  6490 | D:5      | Killed Blork the orc
  6787 | D:6      | Noticed Grinder
  6797 | D:6      | Killed Grinder
  6797 | D:6      | Reached skill level 9 in Axes
  6887 | D:6      | Noticed Eustachio
  6927 | D:6      | Reached **** piety under Trog
  6947 | D:6      | Killed Eustachio
  6947 | D:6      | Reached XP level 9. HP: 79/79 MP: 8/8
  7153 | D:6      | Found Gotithru's Jewellery Shoppe.
  7158 | D:6      | Received a gift from Trog
  7200 | D:6      | Found a shimmering altar of Xom.
  7200 | D:6      | Found a shadowy altar of Dithmenos.
  7221 | D:6      | Found a sacrificial altar of Ru.
  7363 | D:6      | Reached skill level 10 in Axes
  7918 | D:7      | Found a staircase to the Ecumenical Temple.
  8204 | D:7      | Found a white marble altar of Elyvilon.
  8659 | D:7      | Found a bloodstained altar of Trog.
  8739 | Temple   | Entered the Ecumenical Temple
  9087 | D:8      | Reached skill level 11 in Axes
  9251 | D:8      | Noticed Pikel
  9268 | D:8      | Killed Pikel
  9268 | D:8      | Reached XP level 10. HP: 59/90 MP: 9/9
  9506 | D:8      | Found Nouchoem's Assorted Antiques.
  9526 | D:8      | Noticed a two-headed ogre
  9561 | D:8      | Killed a two-headed ogre
  9896 | D:8      | Noticed a two-headed ogre
  9904 | D:8      | Killed a two-headed ogre
  9904 | D:8      | Reached skill level 12 in Axes
 10076 | D:8      | Found a glowing golden altar of the Shining One.
 11240 | D:10     | Entered Level 10 of the Dungeon
 11699 | D:9      | Reached XP level 11. HP: 38/99 MP: 10/10
 11764 | D:9      | Reached skill level 13 in Axes
 11857 | D:9      | Found a staircase to the Orcish Mines.
 11897 | D:9      | Reached ***** piety under Trog
 11925 | Orc:1    | Entered Level 1 of the Orcish Mines
 11927 | Orc:1    | Noticed an orc sorcerer
 11931 | Orc:1    | Killed from afar by an orc sorcerer

Skill      XL: |  1  2  3  4  5  6  7  8  9 10 11 |
---------------+----------------------------------+-----
Axes           | 4 5 6 7 9 11 12 13 | 13.1
Fighting       | 4 5 6 7 8 9 |  9.9
Armour         | 3 4 5 6 8 9 |  9.5
Dodging        | 3 4 6 7 8 |  8.7

Action                   |  1- 3 |  4- 6 |  7- 9 | 10-12 || total
-------------------------+-------+-------+-------+-------++-------
Melee: Hand axe          |    72 |   136 |    60 |       ||   268
       Headbutt          |    13 |    27 |    58 |    32 ||   130
       War axe           |       |       |    24 |       ||    24
       Battleaxe         |       |       |   168 |   152 ||   320
Throw: Stone             |       |       |     1 |     5 ||     6
Invok: Berserk           |       |     4 |     6 |     4 ||    14
       Trog's Hand       |       |       |     7 |     4 ||    11
       Brothers in Arms  |       |       |       |     1 ||     1
       Burn Spellbooks   |       |       |       |     1 ||     1
  Use: Scroll            |     1 |     5 |     2 |     1 ||     9
 Stab: Sleeping          |     1 |     1 |       |       ||     2
       Distracted        |     1 |       |       |       ||     1
  Eat: Chunk             |     4 |     4 |    16 |    10 ||    34
       Ration            |       |     2 |     2 |     1 ||     5
Armor: Animal skin       |    13 |    16 |       |       ||    29
       Ring mail         |       |    14 |    47 |       ||    61
       Scale mail        |       |       |    27 |    56 ||    83
       Chain mail        |       |       |       |     2 ||     2
Dodge: Dodged            |    47 |    82 |   165 |   137 ||   431
